Map: Newkirk Precinct TE (Void)

Players

daydrA - Winner!

  • Race: Zerg Zerg
  • Spawn Location: 5:00

NonY

  • Race: Protoss Protoss
  • Spawn Location: 7:00

Event: WCS Austin 2017

VOD

Have the link to the VOD?

Description

Time

  • Played on: April 28, 2017, 5:48 p.m.
  • Length: 10:44

All games in this series

Show
View Real Time Build Order
Export as new Build Order

daydrA Zerg - Winner!

Build Orders: Hatch First 

Get SALT Encoding   

  12  0:01  Drone  
  13  0:13  Overlord  
  13  0:19  Drone  
  14  0:32  Drone x2  
  14  0:35  Drone  
  17  0:53  Hatchery  
  17  0:56  Drone  
  17  0:59  Drone  
  18  1:10  Extractor  
  17  1:14  Spawning Pool  
  17  1:18  Drone  
  17  1:21  Drone  
  18  1:29  Drone  
  19  1:40  Drone  
  20  1:50  Overlord  
  20  2:03  Queen  
  20  2:04  Queen  
  20  2:05  Zergling x2  
  20  2:06  Zergling x2  
  26  2:11  Metabolic Boost  
  26  2:12  Drone  
  27  2:17  Drone  
  28  2:34  Drone x3  
  31  2:38  Drone  
  31  2:41  Queen  
  34  2:48  Zergling x2  
  34  2:49  Drone  
  36  2:51  Lair  
  36  3:00  Overlord  
  36  3:01  Overlord  
  35  3:06  Overlord  
  35  3:10  Drone  
  36  3:19  Drone x5  
  41  3:26  Drone, Spore Crawler  
  41  3:27  Drone  
  41  3:28  Drone  
  43  3:35  Extractor  
  43  3:36  Drone  
  43  3:37  Extractor  
  42  3:55  Drone x4  
  44  3:57  Drone x2  
  44  3:59  Drone x2  
  44  4:00  Hydralisk Den  
  46  4:06  Drone  
  46  4:07  Drone  
  48  4:18  Hatchery  
  48  4:21  Drone x2  
  49  4:26  Overlord  
  49  4:30  Muscular Augments  
  49  4:33  Hydralisk  
  49  4:38  Hydralisk  
  51  4:39  Zergling x2  
  51  4:41  Zergling x2  
  55  4:48  Hydralisk  
  55  4:49  Zergling x2, Hydralisk  
  60  4:53  Overlord  
  60  4:55  Zergling x4  
  60  4:57  Zergling x2  
  60  4:59  Zergling x2  
  64  5:03  Hydralisk  
  66  5:07  Pneumatized Carapace  
  66  5:14  Overlord, Hydralisk  
  68  5:25  Overlord x2  
  68  5:33  Drone, Hydralisk  
  68  5:34  Hydralisk  
  68  5:35  Zergling x2  
  74  5:37  Overlord x2  
  74  5:42  Zergling x2  
  74  5:44  Hydralisk  
  74  5:45  Zergling x2  
  74  5:46  Spore Crawler  
  74  5:48  Overlord  
  74  5:49  Zergling x2  
  77  5:52  Zergling x2  
  77  5:56  Zergling x2, Hydralisk  
  81  6:01  Overlord, Zergling x2  
  81  6:02  Hydralisk  
  82  6:07  Zergling x2  
  78  6:13  Zergling x4, Hydralisk  
  78  6:15  Zergling x2  
  78  6:17  Zergling x2  
  78  6:22  Zergling x2  
  68  6:27  Overlord  
  68  6:29  Hydralisk  
  68  6:30  Zergling x2  
  71  6:38  Overlord, Zergling x2  
  72  6:44  Drone  
  73  6:50  Zergling x6  
  74  6:55  Hydralisk  
  75  7:02  Baneling Nest  
  75  7:04  Zergling x2, Hydralisk  
  77  7:09  Hydralisk  
  77  7:13  Hydralisk x2  
  83  7:18  Drone  
  84  7:23  Hydralisk  
  84  7:24  Hydralisk x3  
  84  7:25  Overseer  
  84  7:28  Hydralisk x2  
  96  7:36  Zergling x6  
  99  7:38  Zergling x4  
  99  7:39  Zergling x2  
  102  7:45  Baneling x7  
  102  7:49  Zergling x4  
  102  7:51  Zergling x2  
  105  8:02  Spore Crawler  
  105  8:03  Queen  
  105  8:04  Zergling x4, Hydralisk  
  107  8:08  Drone  
  107  8:09  Drone  
  105  8:15  Drone x2  
  105  8:19  Baneling x2  
  106  8:20  Baneling x4  
  106  8:22  Drone  
  106  8:26  Drone x2  
  109  8:28  Drone  
  109  8:33  Zergling x4  
  98  8:34  Zergling x2  
  98  8:36  Zergling x2  
  98  8:40  Zergling x4  
  95  8:42  Zergling x2  
  95  8:44  Baneling x2  
  96  8:51  Hydralisk  
  96  8:52  Zergling x4  
  96  8:56  Zergling x4  
  96  8:58  Zergling x2  
  96  9:01  Zergling x4  
  97  9:03  Zergling x2  
  97  9:05  Baneling x2  
  97  9:06  Baneling  
  99  9:10  Drone x2  
  99  9:15  Zergling x6  
  103  9:17  Zergling x2  
  97  9:34  Zergling x12  
  97  9:35  Zergling x6  
  100  9:40  Zergling x2  
  100  9:42  Zergling x2  
  100  9:44  Zergling x4  
  100  9:45  Zergling x2  
  100  9:46  Baneling x2  
  100  9:47  Baneling x3  
  100  9:48  Baneling x3  
  100  9:49  Zergling x2  
  100  9:51  Zergling x2  
  103  9:54  Overseer  
  103  9:55  Overseer  
  103  9:57  Zergling x2  
  104  10:06  Zergling x4  
  104  10:07  Baneling x4  
  104  10:08  Baneling x2  
  84  10:22  Zergling x12  
  84  10:23  Zergling x12  
  84  10:27  Zergling x4  
Show
View Real Time Build Order
Export as new Build Order

NonY Protoss 

Build Orders: 1 Gate Expand 

Get SALT Encoding   

  12  0:01  Probe (Chrono Boost)  
  13  0:11  Probe (Chrono Boost)  
  14  0:20  Pylon  
  14  0:22  Probe (Chrono Boost)  
  15  0:34  Assimilator  
  15  0:38  Probe (Chrono Boost)  
  16  0:43  Gateway  
  16  0:48  Probe (Chrono Boost)  
  17  0:59  Probe (Chrono Boost)  
  18  1:09  Probe (Chrono Boost)  
  19  1:21  Nexus  
  19  1:23  Probe (Chrono Boost)  
  20  1:33  Cybernetics Core  
  20  1:36  Probe (Chrono Boost)  
  21  1:42  Assimilator  
  21  1:47  Probe (Chrono Boost)  
  21  1:52  Pylon  
  22  1:57  Probe (Chrono Boost)  
  23  2:08  Warp Gate  
  23  2:10  Adept  
  23  2:11  Probe (Chrono Boost)  
  26  2:18  Twilight Council  
  26  2:22  Probe (Chrono Boost)  
  27  2:32  Probe (Chrono Boost)  
  27  2:33  Probe (Chrono Boost)  
  29  2:38  Adept  
  29  2:43  Probe (Chrono Boost)  
  29  2:44  Probe (Chrono Boost)  
  33  2:50  Resonating Glaives  
  33  2:53  Probe (Chrono Boost)  
  33  2:54  Probe (Chrono Boost)  
  35  3:04  Probe (Chrono Boost)  
  35  3:05  Probe (Chrono Boost)  
  39  3:14  Probe (Chrono Boost)  
  39  3:15  Probe (Chrono Boost)  
  39  3:18  Gateway  
  39  3:19  Gateway  
  39  3:22  Pylon  
  39  3:25  Probe (Chrono Boost)  
  39  3:26  Probe (Chrono Boost)  
  41  3:37  Probe x2 (Chrono Boost)  
  41  3:53  Probe (Chrono Boost), Stargate  
  41  3:54  Stargate  
  43  3:56  Assimilator  
  43  3:59  Mothership Core (Chrono Boost)  
  43  4:01  Assimilator  
  42  4:07  Pylon  
  42  4:11  Probe (Chrono Boost)  
  42  4:16  Adept x3  
  50  4:17  Probe (Chrono Boost)  
  50  4:18  Pylon  
  50  4:21  Pylon  
  50  4:34  Phoenix x2  
  50  4:36  Pylon  
  50  4:37  Probe x2 (Chrono Boost)  
  56  4:45  Adept x3  
  60  4:50  Probe x2 (Chrono Boost)  
  64  4:57  Phoenix  
  64  4:59  Phoenix  
  68  5:11  Adept x3  
  74  5:15  Pylon  
  74  5:21  Phoenix  
  76  5:33  Adept x3  
  81  5:51  Phoenix x2  
  81  5:57  Nexus  
  85  5:58  Pylon  
  77  6:24  Phoenix x2  
  73  6:29  Adept x3  
  73  6:32  Gateway x2  
  73  6:34  Gateway  
  68  6:41  Probe x2 (Chrono Boost)  
  68  6:45  Forge  
  69  6:48  Phoenix x2  
  73  6:58  Adept x3  
  79  7:04  Pylon  
  79  7:05  Protoss Ground Weapons Level 1  
  79  7:08  Pylon  
  79  7:11  Probe (Chrono Boost)  
  79  7:13  Probe x2 (Chrono Boost)  
  82  7:23  Sentry x2  
  82  7:24  Adept  
  82  7:27  Probe (Chrono Boost)  
  82  7:28  Probe x2 (Chrono Boost)  
  82  7:29  Adept x2  
  95  7:32  Sentry  
  97  7:38  Probe x2 (Chrono Boost)  
  97  7:39  Probe (Chrono Boost)  
  100  7:47  Pylon  
  100  7:49  Probe x2 (Chrono Boost)  
  103  7:51  Probe (Chrono Boost)  
  103  8:03  Phoenix x2  
  107  8:16  Adept x6  
  107  8:18  Probe (Chrono Boost)  
  118  8:22  Assimilator  
  118  8:23  Pylon  
  118  8:26  Assimilator  
  118  8:28  Phoenix x2  
  110  8:38  Adept x3  
  110  8:39  Adept x3  
  84  9:00  Adept x6  
  96  9:20  Gateway  
  96  9:21  Adept x4  
  96  9:22  Adept x2  
  90  9:45  Adept  
  90  9:46  Adept x2  
  90  9:48  Pylon  
  90  9:50  Pylon  
  96  9:53  Pylon  
  96  9:55  Phoenix x2  
  96  9:57  Gateway  
  96  9:59  Pylon  
  98  10:07  Adept x5  
  68  10:28  Adept x3  
Tags
 
Add a new tag
Caveats
  • Supply blocks, unpowered buildings, or Contaminate may cause inaccurate times.
  • Supply counts are checked every 10 seconds.